 Dungeon Crawl Stone Soup version 0.27.0-66-gdc8fb28755 (webtiles) character file.

Game seed: 15613288325711375648

5 Thatpatchoflichen the Grave Robber (level 1, -1/15 HPs)
             Began as a Hill Orc Necromancer on Aug 19, 2021.
             Slain by a kobold (5 damage)
             ... on level 1 of the Dungeon.
             The game lasted 00:01:25 (539 turns).

Thatpatchoflichen the Grave Robber (HONe)            Turns: 539, Time: 00:01:25

Health: -1/15      AC:  2    Str: 10    XL:     1   Next: 80%
Magic:  3/3        EV: 12    Int: 15    God:
Gold:   0          SH:  0    Dex: 11    Spells: 1/3 levels left

rFire    . . .     SeeInvis .   (no weapon)
rCold    . . .     Faith    .   (no shield)
rNeg     . . .     Spirit   .   a - +0 robe
rPois    .         Reflect  .   (no helmet)
rElec    .         Harm     .   (no cloak)
rCorr    .         Rampage  .   (no gloves)
Will     .....                  (no boots)
Stlth    ++........             (no amulet)
HPRegen  0.05/turn              (no ring)
MPRegen  0.08/turn              (no ring)

@: no status effects
A: no striking features
a: no special abilities


You were on level 1 of the Dungeon.
You visited 1 branch of the dungeon, and saw 1 of its levels.

Inventory:

Armour
 a - a +0 robe (worn)
Scrolls
 b - a scroll of amnesia {unknown}


   Skills:
 + Level 0.7 Fighting
 + Level 0.5 Armour
 - Level 1.5 Dodging
 - Level 1.5 Stealth
 - Level 1.5 Spellcasting
 + Level 4.1 Necromancy


You had one spell level left.
You knew the following spells:

 Your Spells              Type           Power      Damage    Failure   Level
a - Pain                  Necr           52%        1d6       4%          1
b - Animate Skeleton      Necr           26%        N/A       4%          1

Your spell library contained the following spells:

 Spells                   Type           Power      Damage    Failure   Level
 Magic Dart               Conj           4%         1d3       24%         1
 Vampiric Draining        Necr           6%         2d6       13%         3
 Blink                    Tloc           N/A        N/A       34%         2
 Call Imp                 Summ           1%         N/A       34%         2
 Animate Dead             Necr           6%         N/A       38%         4
 Lesser Beckoning         Tloc           0%         N/A       56%         3
 Mephitic Cloud           Conj/Pois/Air  1%         N/A       56%         3
 Agony                    Necr           13%        N/A       75%         5
 Manifold Assault         Tloc           1%         N/A       100%        5


Dungeon Overview and Level Annotations

Branches:
Dungeon (1/15)

Altars:


Message History

Aiming: Pain (safe; 4% risk of failure)
Press: ? - help, Q - select action, (/) - cycle Shift-Dir - straight line, f - bat
Aim: a bat (chance to affect: 83%)
The bat writhes in agony.
You kill the bat!
Magic restored.
A rat comes into view.
The rat moves out of view.
Found a pair of gloves.
A kobold comes into view. It is wielding a +0 short sword.
Found a robe.
The kobold shouts!
You closely miss the rat. The rat closely misses you.
You hit the rat.
The rat is severely wounded.
The rat completely misses you.
You barely miss the rat.
The rat is severely wounded.
The rat closely misses you.
You hit the rat.
The rat is severely wounded.
The rat bites you.
You barely miss the rat.
The rat is severely wounded.
The rat bites you.
The kobold hits you with a +0 short sword.
You hit the rat.
The rat is severely wounded.
The rat bites you but does no damage. The kobold closely misses you.
You closely miss the rat.
The rat is severely wounded.
The rat bites you. The kobold barely misses you.
You hit the rat.
You kill the rat!
The kobold hits you with a +0 short sword.
* * * LOW HITPOINT WARNING * * *
The kobold hits you but does no damage.
You see here a rat corpse.
The kobold hits you with a +0 short sword.
You die...

#.... #.. #.[..# #...#....+ .
#...#....# .. #...#....## ...
####.........# ....
#............# .....
#..........K@#......
#...........†..[....
#.........##........
#.........##........
#...................
#........................>...
###.........#................
#...........#................
#...........#.......>........


You could see a kobold.

Vanquished Creatures
  A bat (D:1)
  A ball python (D:1)
  A frilled lizard (D:1)
  4 rats (D:1)
7 creatures vanquished.

Notes
Turn   | Place    | Note
-------+----------+-------------------------------------------
     0 | D:1      | Thatpatchoflichen the Hill Orc Necromancer began the quest
                  | for the Orb.
     0 | D:1      | Reached XP level 1. HP: 14/14 MP: 3/3
     2 | D:1      | Learned a level 1 spell: Animate Skeleton
   539 | D:1      | Slain by a kobold

Illustrated notes

Levels and vault maps discovered:
D:1:      dpeg_arrival_arbitrary_a, layout_basic, kennysheep_crisscross,
          nrook_uturn

Action                   || total
-------------------------++-------
Melee: Unarmed           ||    42
 Cast: Pain              ||     1
Armor: Robe              ||    28
Dodge: Dodged            ||    52
